 Dungeon Crawl Stone Soup version 0.18-a0-1400-g0ef5d54 (webtiles) character file.

19 KarvaRausku the Conjurer (level 2, 0/17 HPs)
             Began as a High Elf Conjurer on Feb 24, 2016.
             Slain by Terence
             ... wielding a +0 hand axe
              (5 damage)
             ... on level 2 of the Dungeon.
             The game lasted 00:02:35 (571 turns).

KarvaRausku the Conjurer (High Elf Conjurer)         Turns: 571, Time: 00:02:35

Health: 0/17       AC:  3    Str:  7    XL:     2   Next: 55%
Magic:  2/7        EV: 12    Int: 18    God:
Gold:   19         SH:  0    Dex: 15    Spells: 2 memorised, 4 levels left

rFire  . . .     SeeInvis .     (no weapon)
rCold  . . .     Gourm    .     h - +0 leather armour (curse)
rNeg   . . .     Faith    .     (no shield)
rPois  .         Spirit   .     (no helmet)
rElec  .         Dismiss  .     (no cloak)
rCorr  .         Reflect  .     (no gloves)
SustAt .         Harm     .     (no boots)
MR     .....                    (no amulet)
Stlth  ++........               (no ring)
                                (no ring)

@: not resistant to hostile enchantments, unstealthy
A: no striking features
a: no special abilities


You were on level 2 of the Dungeon.
You were not hungry.

You visited 1 branch of the dungeon, and saw 2 of its levels.

You collected 19 gold pieces.

Inventory:

Hand Weapons
 j - a +0 hunting sling
Missiles
 k - 9 stones (quivered)
Armour
 a - a +0 robe
 h - a cursed +0 leather armour (worn)
Scrolls
 f - 3 scrolls of remove curse {unknown}
 g - a scroll of blinking {unknown}
Potions
 e - a potion of flight {unknown}
 i - a potion of magic {unknown}
Books
 b - a book of Conjurations

   Spells                             Type                      Level
   a - Magic Dart                     Conjuration                  1
   b - Searing Ray                    Conjuration                  2
   c - Dazzling Spray                 Conjuration/Hexes            3
   d - Fulminant Prism                Conjuration/Hexes            4
   e - Iskenderun's Mystic Blast      Conjuration                  4
   f - Iskenderun's Battlesphere      Conjuration/Charms           5
Comestibles
 c - 2 bread rations
 d - a meat ration
 l - 3 chunks of flesh


   Skills:
 - Level 2.1 Dodging
 - Level 2.1 Stealth
 + Level 3.1 Spellcasting
 + Level 4.8 Conjurations


You had 4 spell levels left.
You knew the following spells:

 Your Spells              Type           Power        Failure   Level  Hunger
a - Magic Dart            Conj           ###.         3%          1    None
b - Searing Ray           Conj           ###...       6%          2    ##.....


Dungeon Overview and Level Annotations

Branches:
Dungeon (1/15)

Altars:

Annotations:
D:2 Terence


Message History

Terence is lightly wounded.
The searing ray hits Terence.
Terence is lightly wounded.
The searing ray hits Terence.
Terence is lightly wounded.
Terence hits you with a hand axe!
* * * LOW HITPOINT WARNING * * *
The searing ray hits Terence.
Terence is heavily wounded.
Terence hits you but does no damage.
Casting: Searing Ray
Confirm with . or Enter, or press ? or * to list all spells.
Aiming: Magic Dart
Press: ? - help, Shift-Dir - straight line, f/p - Terence
Aim: Terence, wielding a hand axe and wearing a chain mail (heavily wounded)
The magic dart hits Terence.
Terence is heavily wounded.
Terence closely misses you. Terence hits you with a hand axe.
You die...

..........## #.
###........# #.
#..........#
#.######...##..#
#..............#
####..........#...
............#.....
#.######.......###....
#....@@.....>...#..##.
........?.............
.
#####.######.###.###.##
#. #.# #... .. . #.#
#.#.# # .. ##. ##.# #.
# # ..


You could see Terence.

Vanquished Creatures
  An ooze (D:2)
  5 bats (D:1)
  3 goblins
  3 kobolds (D:1)
  A rat (D:2)
13 creatures vanquished.

Notes
Turn   | Place    | Note
--------------------------------------------------------------
     0 | D:1      | KarvaRausku the High Elf Conjurer began the quest for the Orb.
     0 | D:1      | Reached XP level 1. HP: 11/11 MP: 4/4
   251 | D:1      | Reached XP level 2. HP: 17/17 MP: 3/6
   368 | D:1      | Learned a level 2 spell: Searing Ray
   394 | D:1      | You fall through a shaft!
   561 | D:2      | Noticed Terence
   571 | D:2      | Slain by Terence

Vault maps used:
D:1:      minmay_arrival_solitary_statue, serial_forest,
          infiniplex_forest_split, infiniplex_forest_clump_medium,
          infiniplex_forest_zigzag_1, infiniplex_forest_diagonal,
          infiniplex_forest_clump_C, infiniplex_forest_lined_room_3
D:2:      kiku_gazebo_pond_becter, serial_co_window_serial, co_window_paths_a,
          co_window_paths_a, co_window_corner_a, co_window_corner_a,
          co_window_corner_a, co_window_2corner, co_window_corner_b,
          co_window_unsneaky_path_a, co_window_sun, glass_columns_c,
          glass_columns_a, first_bread, hangedman_abyss_or_decor_lesser_grid,
          uniq_terence, uniq_iyjb

Skill      XL: |  1  2 |
---------------+-------+-----
Spellcasting   | 3 |  3.1
Dodging        | |  2.1
Stealth        | |  2.1
Conjurations   | |  4.8

Action                   || total
-------------------------++-------
Melee: Unarmed           ||     7
 Cast: Magic Dart        ||    24
       Searing Ray       ||     2
